[Event "Titled Tuesday Blitz December 27 Early 2022"]
[White "Oparin, Grigoriy"]
[Black "Samsonkin, Artiom"]
[WhiteFideId "24125890"]
[BlackFideId "13503111"]
[WhiteElo "2667"]
[BlackElo "2420"]
[Result "1-0"]
[Round "09"]
[TimeControl "180+2"]
[Date "2022.12.27"]
[WhiteClock "0:00:05"]
[BlackClock "0:00:02"]

1. e4 c5 2. Nf3 d6 3. d4 cxd4 4. Nxd4 Nf6 5. Nc3 a6 6. a4 g6 7. g3 Bg7 8. Bg2 O-O 9. h3 Nc6 10. Be3 Bd7 11. O-O Rc8 12. Qd2 Qc7 13. Nxc6 Bxc6 14. Bd4 Nd7 15. Bxg7 Kxg7 16. Kh2 Ne5 17. a5 Bb5 18. Nxb5 axb5 19. c3 Nc4 20. Qe2 Qc5 21. Rfd1 e6 22. Rd4 b4 23. Bf1 d5 24. exd5 exd5 25. Rad1 Rfe8 26. Qc2 bxc3 27. Rxd5 Qa7 28. Qxc3+ Ne5 29. Qd4 Qxd4 30. R5xd4 Nf3+ 31. Kg2 Nxd4 32. Rxd4 Rc2 33. b4 Rb2 34. b5 Ra8 35. a6 bxa6 36. bxa6 Ra2 37. Rd6 Ra7 38. Bc4 Ra4 39. Be2 Ra2 40. Kf3 Kf8 41. Rb6 Ra3+ 42. Kg2 Ke7 43. Bc4 Kf8 44. Rb8+ Kg7 45. Rb7 R7xa6 46. Rxf7+ Kh6 47. Bxa6 Rxa6 48. Rf4 Rc6 49. h4 Kg7 50. Re4 Rb6 51. g4 Rb7 52. Kg3 Rb3+ 53. f3 Rb7 54. Re5 Rd7 55. h5 Rc7 56. Kh4 Rf7 57. Re3 Rc7 58. Rd3 Rb7 59. Rd4 Rc7 60. f4 Re7 61. g5 Rf7 62. h6+ Kf8 63. Kg4 Ke7 64. Ra4 Ke6 65. Ra6+ Kd5 66. Ra8 Ke4 67. Re8+ Kd4 68. Rg8 Ke4 69. Re8+ Kd4 70. Kf3 Rb7 71. Rd8+ Kc4 72. Rg8 Rb3+ 73. Ke4 1-0


[Site "https://www.chess.com"]

[Event "Titled Tuesday Blitz December 27 Early 2022"]
[White "Oro, Faustino"]
[Black "Postnikov, Artem"]
[WhiteFideId "20000197"]
[BlackFideId "34153575"]
[WhiteElo "2269"]
[BlackElo "2197"]
[Result "1-0"]
[Round "09"]
[TimeControl "180+2"]
[Date "2022.12.27"]
[WhiteClock "0:00:06"]
[BlackClock "0:00:01"]

1. e4 c6 2. d4 d5 3. e5 Bf5 4. h4 h5 5. Bd3 Bxd3 6. Qxd3 e6 7. Nf3 Be7 8. Nbd2 Nh6 9. O-O Nf5 10. g3 c5 11. dxc5 Bxc5 12. Kg2 Nc6 13. Nb3 Be7 14. Bf4 Rc8 15. a3 O-O 16. Rad1 Qb6 17. Rfe1 a5 18. Nbd2 a4 19. c4 Rfd8 20. cxd5 Rxd5 21. Qb1 Rcd8 22. Ne4 Rxd1 23. Rxd1 Rxd1 24. Qxd1 Qxb2 25. Qd7 Qxa3 26. Qe8+ Bf8 27. Nd6 Nxd6 28. exd6 Qd3 29. d7 a3 30. Ne5 Qd5+ 31. Kh2 Nd8 32. Qxd8 a2 33. Qa8 Qd4 34. Be3 1-0


[Site "https://www.chess.com"]

[Event "Titled Tuesday Blitz December 27 Early 2022"]
[White "Osinovsky, Stepan"]
[Black "Aghasiyev, Kamal"]
[WhiteFideId "4157354"]
[BlackFideId "13402854"]
[WhiteElo "2241"]
[BlackElo "2441"]
[Result "1-0"]
[Round "09"]
[TimeControl "180+2"]
[Date "2022.12.27"]
[WhiteClock "0:01:11"]
[BlackClock "0:02:02"]

1. Nf3 d5 2. g3 Nf6 3. Bg2 b6 4. O-O Bb7 5. d3 g6 6. Nbd2 Bg7 7. e4 dxe4 8. Ng5 O-O 9. Ngxe4 Qc8 10. Re1 c5 11. a4 Nc6 12. c3 Qd7 13. Nc4 Rad8 14. Qb3 Qxd3 15. Nxc5 Na5 16. Nxa5 bxc5 17. Qxb7 1-0


[Site "https://www.chess.com"]

[Event "Titled Tuesday Blitz December 27 Early 2022"]
[White "Pakleza, Zbigniew"]
[Black "Vakhlamov, Igor L."]
[WhiteFideId "1119290"]
[BlackFideId "24126748"]
[WhiteElo "2494"]
[BlackElo "2413"]
[Result "1-0"]
[Round "09"]
[TimeControl "180+2"]
[Date "2022.12.27"]
[WhiteClock "0:00:05"]
[BlackClock "0:00:05"]

1. d4 d5 2. Bf4 Nf6 3. e3 Bf5 4. c4 e6 5. Nc3 Bb4 6. Bd3 Bxd3 7. Qxd3 O-O 8. Nf3 c5 9. O-O cxd4 10. Nxd4 Nc6 11. Rfd1 Rc8 12. Nxc6 bxc6 13. Bg5 h6 14. Bh4 Be7 15. Rac1 Nd7 16. Bxe7 Qxe7 17. Qd4 Nb6 18. c5 Nd7 19. b4 a5 20. a3 axb4 21. axb4 Rb8 22. Rb1 Rbe8 23. Ne4 Rb8 24. Nd6 Nb6 25. b5 cxb5 26. Rxb5 Nd7 27. Rdb1 Rxb5 28. Rxb5 Ra8 29. g3 Nf6 30. Rb7 Qd8 31. Nxf7 Qc8 32. Nd6 Qc6 33. Rb6 Qc7 34. Kg2 Ra5 35. Rb7 Qxc5 36. Qxc5 Rxc5 37. Rb8+ Kh7 38. Nf7 Rc7 39. Ne5 Nd7 40. Nf3 Kg6 41. Re8 Kf7 42. Ra8 Nf6 43. Ne5+ Ke7 44. h3 Kd6 45. Nf3 Ne4 46. Ra6+ Ke7 47. Nd4 Nd6 48. g4 Kd7 49. Kg3 e5 50. Nf5 Ne4+ 51. Kh4 g5+ 52. Kh5 Nxf2 53. Rxh6 Nxh3 54. Rh7+ Kc6 55. Rh6+ Kc5 56. Kg6 Nf2 57. Kxg5 Rf7 58. Rg6 Kc4 59. Nd6+ Kd3 60. Nxf7 Ne4+ 61. Kf5 Kxe3 62. Nxe5 d4 63. Rg8 Ng3+ 64. Ke6 Ke4 65. Rd8 Ne2 66. g5 Nf4+ 67. Kf6 Nh5+ 68. Ke6 Nf4+ 69. Kd6 Kf5 70. g6 d3 71. Nxd3 Nxg6 72. Kc5 Ke4 73. Nb4 Ne5 74. Re8 Kf5 75. Nc6 Nd7+ 76. Kd6 Nf6 77. Rf8 Kg6 78. Ke6 Ne4 79. Ne7+ Kg7 80. Rf5 Kh7 81. Ke5 Nc5 82. Kf6 Nd7+ 83. Kf7 Kh6 84. Ng8+ Kh7 85. Rh5# 1-0


[Site "https://www.chess.com"]

[Event "Titled Tuesday Blitz December 27 Early 2022"]
[White "Petrovic, Aleksa"]
[Black "Ilkhomi, Jaloliddin"]
[WhiteFideId "967629"]
[BlackFideId "14700948"]
[WhiteElo "2332"]
[BlackElo "1997"]
[Result "0-1"]
[Round "09"]
[TimeControl "180+2"]
[Date "2022.12.27"]
[WhiteClock "0:00:27"]
[BlackClock "0:00:17"]

1. d4 Nf6 2. c4 e6 3. Nf3 Bb4+ 4. Nbd2 O-O 5. g3 b6 6. Bg2 Bb7 7. O-O d5 8. cxd5 exd5 9. Ne5 Nbd7 10. Nd3 Bd6 11. Nf3 Ne4 12. Bf4 Bxf4 13. Nxf4 Qe7 14. Rc1 Rac8 15. Qa4 a5 16. Bh3 f5 17. Nd3 c5 18. dxc5 Ndxc5 19. Qa3 Qd6 20. Rfd1 Nxd3 21. Qxd3 Rxc1 22. Rxc1 g6 23. Qd4 Re8 24. Ne1 Nc5 25. Nd3 Rxe2 26. Nxc5 bxc5 27. Rxc5 Re1+ 28. Kg2 Re4 29. Qc3 Rc4 30. Rxc4 d4+ 0-1


[Site "https://www.chess.com"]

[Event "Titled Tuesday Blitz December 27 Early 2022"]
[White "Poeta, Caio Medeiros"]
[Black "Csonka, Balazs"]
[WhiteFideId "2142660"]
[BlackFideId "742910"]
[WhiteElo "2088"]
[BlackElo "2496"]
[Result "0-1"]
[Round "09"]
[TimeControl "180+2"]
[Date "2022.12.27"]
[WhiteClock "0:00:45"]
[BlackClock "0:00:03"]

1. d4 Nf6 2. c4 g6 3. Nc3 Bg7 4. e4 O-O 5. f3 Nc6 6. Be3 e5 7. Nge2 Re8 8. Qd2 d6 9. d5 Na5 10. Nc1 c5 11. dxc6 bxc6 12. Be2 Be6 13. b3 d5 14. cxd5 cxd5 15. exd5 Nxd5 16. Nxd5 Qxd5 17. Qxd5 Bxd5 18. Rb1 e4 19. Kf2 exf3 20. Bxf3 Bxf3 21. Kxf3 Rad8 22. Bxa7 Nc6 23. Bb6 Rd2 24. Rf1 h5 25. h3 g5 26. Rf2 g4+ 27. hxg4 hxg4+ 28. Kxg4 Rd1 29. b4 Ree1 30. Rc2 Ne5+ 31. Kf4 Bh6+ 32. Kg3 Bxc1 33. Bf2 Rd3+ 34. Kh4 Re4+ 35. g4 Rxg4+ 36. Kh5 Rh3+ 37. Bh4 Rhxh4# 0-1


[Site "https://www.chess.com"]

[Event "Titled Tuesday Blitz December 27 Early 2022"]
[White "Potapova, Margarita"]
[Black "Dimitrov, Atanas"]
[WhiteFideId "14126869"]
[BlackFideId "2901315"]
[WhiteElo "2104"]
[BlackElo "2269"]
[Result "1-0"]
[Round "09"]
[TimeControl "180+2"]
[Date "2022.12.27"]
[WhiteClock "0:00:48"]
[BlackClock "0:00:16"]

1. d4 Nf6 2. c4 g6 3. Nc3 d5 4. cxd5 Nxd5 5. e4 Nxc3 6. bxc3 Bg7 7. Be3 O-O 8. Nf3 c5 9. Be2 cxd4 10. cxd4 Nc6 11. Rc1 Bg4 12. d5 Bxf3 13. gxf3 Ne5 14. f4 Nd7 15. O-O Nf6 16. Bf3 Qa5 17. e5 Nd7 18. Qb3 Nb6 19. Rc5 Qa6 20. Rfc1 Rfd8 21. Rc7 Rac8 22. d6 Rxc7 23. Rxc7 Rf8 24. Rxe7 Nc8 25. Rxf7 Rxf7 26. d7 Ne7 27. d8=Q+ Bf8 28. Qe8 1-0


[Site "https://www.chess.com"]

[Event "Titled Tuesday Blitz December 27 Early 2022"]
[White "Prieto Aranguren, Alain"]
[Black "Devaev, Alexander"]
[WhiteFideId "2268906"]
[BlackFideId "4169395"]
[WhiteElo "2258"]
[BlackElo "2325"]
[Result "0-1"]
[Round "09"]
[TimeControl "180+2"]
[Date "2022.12.27"]
[WhiteClock "0:00:06"]
[BlackClock "0:00:13"]

1. e4 c6 2. d4 d5 3. exd5 cxd5 4. Bd3 Nc6 5. c3 g6 6. Nf3 Bf5 7. O-O Nf6 8. Re1 e6 9. Bxf5 gxf5 10. Nh4 Ne4 11. Qh5 Be7 12. Nf3 Bf6 13. Bf4 Qe7 14. Nbd2 O-O-O 15. Nb3 Rdg8 16. Nc5 Rg4 17. g3 Rhg8 18. Kf1 Nxc5 19. dxc5 Qxc5 20. Qxf7 Qc4+ 21. Re2 e5 22. Qe6+ Kb8 23. Nxe5 Bxe5 24. Bxe5+ Ka8 25. Re1 a6 26. Kg1 f4 27. Bd4 Nxd4 28. cxd4 fxg3 29. hxg3 Qxd4 30. Kg2 h5 31. Qe3 Qc4 32. Qf3 h4 33. Re8+ Ka7 34. Rxg8 Rxg8 35. Qe3+ d4 36. Qe4 hxg3 37. fxg3 Rd8 38. Re2 Rd6 39. Rd2 Qxa2 40. g4 Qc4 41. g5 Qc5 42. Qf4 Rd5 0-1


[Site "https://www.chess.com"]

[Event "Titled Tuesday Blitz December 27 Early 2022"]
[White "Qashashvili, Alexandre"]
[Black "Lehtosaari, Mauri"]
[WhiteFideId "13600842"]
[BlackFideId "501999"]
[WhiteElo "2505"]
[BlackElo "2176"]
[Result "0-1"]
[Round "09"]
[TimeControl "180+2"]
[Date "2022.12.27"]
[WhiteClock "0:00:10"]
[BlackClock "0:00:17"]

1. e4 c5 2. Nc3 e6 3. Nf3 Nc6 4. Bc4 a6 5. a4 Nf6 6. O-O d5 7. exd5 exd5 8. Re1+ Be7 9. Ba2 O-O 10. h3 h6 11. d4 Bf5 12. Be3 Nb4 13. Re2 Nxa2 14. Rxa2 c4 15. Ne5 Rb8 16. b3 Bb4 17. Bd2 cxb3 18. cxb3 Qd6 19. Nb1 Rbc8 20. Nf3 Ne4 21. Bxb4 Qxb4 22. Rac2 Qxb3 23. Qc1 Rxc2 24. Qxc2 Qxc2 25. Rxc2 Nd6 26. Rb2 Rc8 27. Nbd2 Rc1+ 28. Kh2 Ra1 29. Nb3 Rxa4 30. Nc5 Ra1 31. Nxb7 Nxb7 32. Rxb7 Be4 33. Ne5 f6 34. Nc6 a5 35. Ra7 a4 36. h4 a3 37. h5 Bd3 38. Ne7+ Kf8 39. Ng6+ Bxg6 40. hxg6 a2 41. f3 Ke8 42. Kg3 Kd8 43. Kf4 Kc8 44. g4 Kb8 45. Ra3 Kb7 46. Ra4 Kb6 47. Kf5 Kb5 48. Ra7 Kc4 49. Ra4+ Kd3 50. f4 Kc3 51. Rxa2 Rxa2 52. Ke6 Ra7 53. g5 fxg5 54. fxg5 hxg5 55. Kf5 Re7 56. Kxg5 Kxd4 57. Kf5 Kc4 58. Kg5 d4 59. Kf5 d3 60. Kg5 d2 61. Kf5 d1=Q 62. Kf4 Qd4+ 63. Kg5 Re5# 0-1


[Site "https://www.chess.com"]

[Event "Titled Tuesday Blitz December 27 Early 2022"]
[White "Ronka, Erik"]
[Black "Legenia, Artem"]
[WhiteFideId "505080"]
[BlackFideId "14136945"]
[WhiteElo "2276"]
[BlackElo "2092"]
[Result "1-0"]
[Round "09"]
[TimeControl "180+2"]
[Date "2022.12.27"]
[WhiteClock "0:02:02"]
[BlackClock "0:02:13"]

1. d4 d5 2. Nf3 Nf6 3. g3 e6 4. Bg2 Nbd7 5. O-O b6 6. c4 Bb7 7. cxd5 exd5 8. Nc3 Be7 9. Bf4 a6 10. Rc1 O-O 11. Qb3 c5 12. dxc5 Nxc5 13. Qd1 Nce4 14. Nd4 Rc8 15. Qd3 Nxc3 16. Rxc3 Ne4 17. Rxc8 Qxc8 18. Rc1 Qd7 19. Rc7 1-0


[Site "https://www.chess.com"]

[Event "Titled Tuesday Blitz December 27 Early 2022"]
[White "Rose, Felix"]
[Black "Guevara Sanchez, Erick Marvin"]
[WhiteFideId "5105722"]
[BlackFideId "6700136"]
[WhiteElo "2091"]
[BlackElo "2073"]
[Result "1-0"]
[Round "09"]
[TimeControl "180+2"]
[Date "2022.12.27"]
[WhiteClock "0:00:23"]
[BlackClock "0:00:20"]

1. e4 c5 2. Nf3 d6 3. d4 cxd4 4. Nxd4 Nf6 5. Nc3 a6 6. Be3 e5 7. Nb3 Be6 8. f3 h5 9. Nd5 Nxd5 10. exd5 Bf5 11. Bd3 Bxd3 12. Qxd3 Nd7 13. O-O-O Be7 14. Kb1 Rc8 15. f4 b5 16. Qe2 Qc7 17. Bc1 f6 18. fxe5 Nxe5 19. Nd4 Qc4 20. Qe4 a5 21. b3 Qb4 22. a3 Qc3 23. Bb2 Qc7 24. Ne6 Qa7 25. Nxg7+ Kf7 26. Bd4 Qc7 27. Ne6 Qb7 28. Rhf1 Ke8 29. Bxe5 dxe5 30. Qg6+ Kd7 31. Qf7 Rcf8 32. Nxf8+ Rxf8 33. Qe6+ Kd8 34. d6 Bxd6 35. Rxd6+ Kc7 36. Rd7+ Kb8 37. Qd6+ Ka8 38. Rxb7 Kxb7 39. Qxf8 Kb6 40. Rxf6+ Kc7 41. Qe7+ Kc8 42. Rf8# 1-0


[Site "https://www.chess.com"]

[Event "Titled Tuesday Blitz December 27 Early 2022"]
[White "Rosh Jain"]
[Black "Orujov, Elshad"]
[WhiteFideId "25789465"]
[BlackFideId "13403540"]
[WhiteElo "2248"]
[BlackElo "2304"]
[Result "0-1"]
[Round "09"]
[TimeControl "180+2"]
[Date "2022.12.27"]
[WhiteClock "0:00:02"]
[BlackClock "0:01:03"]

1. e4 c5 2. Nf3 d6 3. d4 cxd4 4. Nxd4 Nf6 5. Nc3 a6 6. Bc4 e6 7. Bb3 Be7 8. O-O b5 9. Be3 O-O 10. Qf3 Qc7 11. e5 Bb7 12. exf6 Bxf3 13. fxe7 Qxe7 14. Nxf3 Nd7 15. Rad1 Nc5 16. Bxc5 dxc5 17. a4 c4 18. Ba2 Rab8 19. axb5 axb5 20. Nd4 Qc5 21. Ne4 Qb6 22. c3 Rfd8 23. Bb1 b4 24. Nf3 Rxd1 25. Rxd1 bxc3 26. Nxc3 Qxb2 27. Nb5 Qxb5 28. Bc2 Qb2 0-1


[Site "https://www.chess.com"]

[Event "Titled Tuesday Blitz December 27 Early 2022"]
[White "Sadovsky, Artem"]
[Black "Torres Dominguez, David"]
[WhiteFideId "4155840"]
[BlackFideId "2220857"]
[WhiteElo "2276"]
[BlackElo "1994"]
[Result "1-0"]
[Round "09"]
[TimeControl "180+2"]
[Date "2022.12.27"]
[WhiteClock "0:00:11"]
[BlackClock "0:00:01"]

1. Nf3 d5 2. e3 Nf6 3. c4 dxc4 4. Bxc4 c6 5. Nc3 b5 6. Bb3 b4 7. Ne2 e6 8. O-O Be7 9. d4 O-O 10. Nf4 a5 11. Nd3 Nbd7 12. Nfe5 Nxe5 13. Nxe5 c5 14. Nc6 Qe8 15. Nxe7+ Qxe7 16. dxc5 Qxc5 17. Qf3 Bd7 18. e4 Bc6 19. Be3 Qe5 20. Qf4 Qxf4 21. Bxf4 Bxe4 22. Rac1 a4 23. Bc4 Bd5 24. Bd6 Rfc8 25. Bb5 Ne4 26. Bxb4 Rcb8 27. f3 Rxb5 28. fxe4 Rxb4 29. exd5 exd5 30. Rf2 Rab8 31. Rd2 g6 32. Rcc2 d4 33. a3 Rb3 34. Rxd4 Rxb2 35. Rxb2 Rxb2 36. Rxa4 Kg7 37. h4 h5 38. Kh2 Ra2 39. Ra6 Kh6 40. Kh3 Kg7 41. g3 Ra1 42. a4 Rh1+ 43. Kg2 Ra1 44. a5 Ra2+ 45. Kf3 Ra3+ 46. Kf4 Ra4+ 47. Ke5 Ra3 48. Rb6 Rxg3 49. Kf4 Ra3 50. a6 Ra4+ 51. Ke5 f6+ 52. Ke6 g5 53. hxg5 fxg5 54. Kf5 g4 55. Rb7+ Kh6 56. Rb6+ Kg7 57. Kg5 Kf7 58. Rb7+ 1-0


[Site "https://www.chess.com"]

[Event "Titled Tuesday Blitz December 27 Early 2022"]
[White "Sailer, Mike"]
[Black "Matveeva, Olga"]
[WhiteFideId "2012901"]
[BlackFideId "24107018"]
[WhiteElo "2109"]
[BlackElo "2128"]
[Result "0-1"]
[Round "09"]
[TimeControl "180+2"]
[Date "2022.12.27"]
[WhiteClock "0:00:16"]
[BlackClock "0:00:56"]

1. d4 d5 2. Bf4 Nf6 3. e3 e6 4. c4 Be7 5. Nc3 Nbd7 6. Nf3 O-O 7. cxd5 exd5 8. Bd3 c6 9. O-O Re8 10. Ne5 Nf8 11. Rb1 a5 12. h3 g6 13. a3 Ne6 14. Bh2 Ng7 15. b4 axb4 16. axb4 Bf5 17. b5 c5 18. dxc5 Bxc5 19. Bxf5 Nxf5 20. Bf4 d4 21. exd4 Bxd4 22. Qe1 Qc7 23. Rc1 Bxe5 24. Nd5 Nxd5 25. Rxc7 Bxc7 0-1


[Site "https://www.chess.com"]

[Event "Titled Tuesday Blitz December 27 Early 2022"]
[White "Sanchez, Robert"]
[Black "Moreno Perez, Tobias Sebastian"]
[WhiteFideId "2034360"]
[BlackFideId "186716"]
[WhiteElo "1966"]
[BlackElo "2256"]
[Result "0-1"]
[Round "09"]
[TimeControl "180+2"]
[Date "2022.12.27"]
[WhiteClock "0:00:45"]
[BlackClock "0:01:32"]

1. e4 c6 2. d4 d5 3. e5 c5 4. dxc5 e6 5. Be3 Nd7 6. Bb5 Ne7 7. Nf3 Nc6 8. Bxc6 bxc6 9. b4 a5 10. c3 Ba6 11. Nbd2 Be7 12. Nb3 axb4 13. cxb4 g5 14. h3 h5 15. Qd2 Rg8 16. g4 Qb8 17. Bd4 Rh8 18. Rh2 hxg4 19. hxg4 Rxh2 20. Nxh2 Nxe5 21. O-O-O Nd3+ 22. Kb1 Qxh2 23. Qe3 Nxb4 24. Qf3 Qf4 25. Qc3 Qe4+ 26. Kb2 Nxa2 27. Re1 0-1


[Site "https://www.chess.com"]

[Event "Titled Tuesday Blitz December 27 Early 2022"]
[White "Sargissyan, Sargis"]
[Black "Nguyen Hong Nhung"]
[WhiteFideId "13303210"]
[BlackFideId "12412201"]
[WhiteElo "2234"]
[BlackElo "2003"]
[Result "1-0"]
[Round "09"]
[TimeControl "180+2"]
[Date "2022.12.27"]
[WhiteClock "0:00:29"]
[BlackClock "0:00:09"]

1. e4 c5 2. Nf3 e6 3. d4 cxd4 4. Nxd4 Nc6 5. Nc3 Qc7 6. f4 a6 7. Nxc6 dxc6 8. Bd3 Nf6 9. e5 Nd5 10. Ne4 c5 11. c4 Nb4 12. Bb1 b6 13. a3 Nc6 14. Be3 Be7 15. O-O O-O 16. Nf6+ Bxf6 17. exf6 g6 18. Qg4 e5 19. Qg5 Kh8 20. Qh6 Rg8 21. f5 Nd4 22. fxg6 Rxg6 23. Bxg6 fxg6 24. Qf8# 1-0


[Site "https://www.chess.com"]

[Event "Titled Tuesday Blitz December 27 Early 2022"]
[White "Shahaliyev, Ismayil"]
[Black "Bringas Gomez, Artai"]
[WhiteFideId "13406388"]
[BlackFideId "24534064"]
[WhiteElo "2400"]
[BlackElo "2206"]
[Result "0-1"]
[Round "09"]
[TimeControl "180+2"]
[Date "2022.12.27"]
[WhiteClock "0:00:05"]
[BlackClock "0:00:26"]

1. d4 d5 2. c4 c6 3. Nc3 e6 4. e3 Nf6 5. Nf3 Bd6 6. Bd2 O-O 7. Rc1 Nbd7 8. Bd3 dxc4 9. Bxc4 e5 10. O-O exd4 11. exd4 Nb6 12. Bb3 Bg4 13. h3 Bh5 14. Bg5 h6 15. Bh4 Bf4 16. Ra1 Qd6 17. Qd3 Bg6 18. Qxg6 Nbd5 19. Qf5 g6 20. Qd3 g5 21. Nxd5 cxd5 22. Bg3 Nh5 23. Bc2 f5 24. Bxf4 Nxf4 25. Qb3 g4 26. hxg4 fxg4 27. Ne5 Qe7 28. Rae1 Qg5 29. Qg3 h5 30. Nf3 Qg7 31. Nh4 Qg5 32. Bb3 Rae8 33. Re5 Rxe5 34. dxe5 Ne2+ 0-1


[Site "https://www.chess.com"]

[Event "Titled Tuesday Blitz December 27 Early 2022"]
[White "Sharifov, Mekhriddin"]
[Black "Akylbekov, Nasyr"]
[WhiteFideId "14701545"]
[BlackFideId "13800353"]
[WhiteElo "2209"]
[BlackElo "2239"]
[Result "1-0"]
[Round "09"]
[TimeControl "180+2"]
[Date "2022.12.27"]
[WhiteClock "0:01:02"]
[BlackClock "0:01:50"]

1. e4 e5 2. f4 Bc5 3. Nf3 d6 4. Nc3 Nc6 5. Bc4 Bg4 6. Na4 Nd4 7. Nxc5 dxc5 8. Bxf7+ Kf8 9. Nxd4 Bxd1 10. Ne6+ Kxf7 11. Nxd8+ Rxd8 12. Kxd1 exf4 13. Rf1 g5 14. g3 Ne7 15. gxf4 gxf4 16. Rxf4+ Ke6 17. d3 Rhg8 18. Be3 Rg2 19. Bxc5 Rxh2 20. Rf1 Nc6 21. Bf2 Rf8 22. Ke1 Nd4 23. Bxd4 1-0


[Site "https://www.chess.com"]

[Event "Titled Tuesday Blitz December 27 Early 2022"]
[White "Shubenkova, Veronika"]
[Black "Ferreira, Vitor Hugo Vieira"]
[WhiteFideId "44124040"]
[BlackFideId "2119765"]
[WhiteElo "1960"]
[BlackElo "2128"]
[Result "1-0"]
[Round "09"]
[TimeControl "180+2"]
[Date "2022.12.27"]
[WhiteClock "0:00:41"]
[BlackClock "0:00:48"]

1. e4 c6 2. d4 d5 3. Nc3 dxe4 4. Nxe4 Nf6 5. Nxf6+ exf6 6. c3 Bd6 7. Bd3 O-O 8. Nf3 Re8+ 9. Be3 Bf4 10. Qd2 Bxe3 11. fxe3 Qe7 12. Kf2 f5 13. Rae1 g6 14. Qc2 Nd7 15. Rhf1 Nf6 16. Kg1 Be6 17. Nd2 Bd5 18. c4 Be4 19. Bxe4 Nxe4 20. Nf3 Rad8 21. Ne5 c5 22. Nf3 cxd4 23. exd4 Qc7 24. Rd1 Qf4 25. Qb3 Qc7 26. c5 b6 27. cxb6 Qxb6 28. Qa3 Rb8 29. b3 Nc3 30. Rd2 Re2 31. Qb2 Rxd2 32. Qxd2 Nb5 33. Kh1 Rd8 34. Rd1 Rd5 35. Qf4 Qd6 36. Qe3 Qf6 37. a4 Nd6 38. Rc1 f4 39. Qd3 Nf5 40. Rc4 Ne3 41. Rc8+ Kg7 42. Qe4 g5 43. Qe8 Kh6 44. Rc6 Rd6 45. Qf8+ Kh5 46. Rxd6 Qf5 47. Qh6+ Kg4 48. Qh3# 1-0


[Site "https://www.chess.com"]

[Event "Titled Tuesday Blitz December 27 Early 2022"]
[White "Shuvalov, Evgenij"]
[Black "Iskusnyh, Sergei"]
[WhiteFideId "4187237"]
[BlackFideId "4120027"]
[WhiteElo "2038"]
[BlackElo "2440"]
[Result "1-0"]
[Round "09"]
[TimeControl "180+2"]
[Date "2022.12.27"]
[WhiteClock "0:00:19"]
[BlackClock "0:00:02"]

1. d4 d5 2. c4 c6 3. Nf3 Nf6 4. Nc3 dxc4 5. a4 e6 6. e3 c5 7. Bxc4 cxd4 8. exd4 Be7 9. O-O O-O 10. Qe2 Nc6 11. Rd1 Nb4 12. Ne5 b6 13. Bg5 Bb7 14. Ra3 Nfd5 15. Bxe7 Qxe7 16. Nxd5 Nxd5 17. Rg3 Rac8 18. Qg4 f6 19. Bxd5 Bxd5 20. Nd3 Rc2 21. h4 Rfc8 22. Kh2 R8c4 23. Nf4 Rxf2 24. Nxd5 exd5 25. Re1 h5 26. Qg6 Rc7 27. Rxe7 Rxe7 28. Qxh5 Rxb2 29. Qxd5+ Kf8 30. h5 1-0


[Site "https://www.chess.com"]

[Event "Titled Tuesday Blitz December 27 Early 2022"]
[White "Silva, Miguel Antonio Neto"]
[Black "Fernandez Siles, Luis"]
[WhiteFideId "1911929"]
[BlackFideId "2209420"]
[WhiteElo "2204"]
[BlackElo "2218"]
[Result "0-1"]
[Round "09"]
[TimeControl "180+2"]
[Date "2022.12.27"]
[WhiteClock "0:00:17"]
[BlackClock "0:00:10"]

1. e4 c5 2. Nf3 Nc6 3. d4 cxd4 4. Nxd4 Nf6 5. Nc3 e5 6. Ndb5 d6 7. Nd5 Nxd5 8. exd5 Nb8 9. c4 Be7 10. Be3 a6 11. Qa4 O-O 12. Nc3 Bg5 13. Bxg5 Qxg5 14. Ne4 Qg6 15. Bd3 f5 16. Ng3 Nd7 17. Qc2 e4 18. Be2 Nf6 19. f4 exf3 20. Bxf3 Re8+ 21. Ne2 Bd7 22. O-O-O b5 23. c5 dxc5 24. Kb1 Rac8 25. Nf4 Qf7 26. Rhe1 g5 27. Ne6 g4 28. Be2 Bxe6 29. dxe6 Qxe6 30. b3 Ne4 31. Bd3 c4 32. Bxe4 fxe4 33. b4 e3 34. Qc3 Qe5 35. Rd4 Kh8 36. Kb2 h5 37. h3 Rcd8 38. Rxd8 Qxc3+ 39. Kxc3 Rxd8 40. Rxe3 gxh3 41. gxh3 Kg7 42. Re5 Kg6 43. Re6+ Kg5 44. Rxa6 Rd3+ 45. Kc2 Rxh3 46. Rb6 Rh2+ 47. Kc3 Rxa2 48. Rxb5+ Kg4 49. Kxc4 h4 50. Rb8 h3 51. Rg8+ Kf3 52. Kb3 Ra1 53. Rf8+ Kg3 54. Kb2 Ra4 55. Kb3 Ra1 56. Rg8+ Kf3 57. b5 h2 58. Rf8+ Ke4 59. Rh8 h1=Q 60. Rxh1 Rxh1 61. Kb4 Kd5 62. Ka5 Kc5 0-1


[Site "https://www.chess.com"]

[Event "Titled Tuesday Blitz December 27 Early 2022"]
[White "Skvortsov, Andrei"]
[Black "Bazarov, Konstantin"]
[WhiteFideId "24108600"]
[BlackFideId "4137000"]
[WhiteElo "2313"]
[BlackElo "2235"]
[Result "1-0"]
[Round "09"]
[TimeControl "180+2"]
[Date "2022.12.27"]
[WhiteClock "0:00:23"]
[BlackClock "0:00:02"]

1. c4 c6 2. Nc3 d5 3. cxd5 cxd5 4. e3 Nf6 5. Nf3 Nc6 6. Bb5 Bd7 7. O-O a6 8. Ba4 Rc8 9. d4 Bg4 10. h3 Bh5 11. g4 Bg6 12. Bxc6+ bxc6 13. Qa4 Qb6 14. Ne5 e6 15. f4 Be4 16. g5 Ng8 17. Nxe4 dxe4 18. Nc4 Qb5 19. Qc2 c5 20. a4 Qb8 21. Qxe4 cxd4 22. Ne5 Bd6 23. Nc6 Qb7 24. Qxd4 Qxc6 25. Qxg7 Kd7 26. Qxh8 Ne7 27. Qd4 Nf5 28. Qd3 Ke7 29. e4 Bc5+ 30. Kh2 Nd6 31. Be3 Nxe4 32. Rac1 Qb7 33. Bxc5+ Nxc5 34. Qa3 Qd5 35. Qf3 Qd4 36. Rc2 Rb8 37. Qc3 Qxc3 38. Rxc3 Nxa4 39. Kg1 Nxc3 40. bxc3 Rc8 41. Rc1 a5 42. Kf2 a4 43. Ke3 a3 44. Kd3 a2 45. Ra1 Ra8 46. Kc2 Kd6 47. Kb3 Kd5 48. Rxa2 Rb8+ 49. Kc2 Ke4 50. Ra7 Rf8 51. Ra4+ Kf3 52. Kd3 Kg3 53. Ke4 Kxh3 54. Ke5 Kg4 55. Kf6 Kf3 56. Kg7 Rc8 57. Kxf7 Rxc3 58. Kxe6 Kg4 59. Kf6 Rc6+ 60. Kg7 Rc7+ 61. Kh6 Rf7 62. f5+ Kxf5 63. Ra1 Ke5 64. Re1+ Kd6 65. Re2 Kd7 66. Ra2 Kd6 67. Re2 Kd7 68. Kh5 Kd6 69. Ra2 Ke6 70. Ra5 Kd6 71. Kh6 Ke6 72. Ra6+ Ke5 73. Kh5 Kf5 74. Ra5+ Ke4 75. Ra1 Ke5 76. Re1+ Kd5 77. Kh6 Kd6 78. Ra1 Ke5 79. Ra4 Kf5 80. Ra2 Ke5 81. Re2+ Kd6 82. Re3 Kd7 83. Ra3 Kd6 84. Ra6+ Ke5 85. Rb6 Kd5 86. Rf6 Re7 87. Rf1 Kd6 88. Rd1+ Kc6 89. Rd8 Kc7 90. Rg8 Kd6 91. Rg7 Re1 92. Kxh7 Ke6 93. Kg6 Rf1 94. Ra7 Kd6 95. Kg7 Ke6 96. g6 Rf2 97. Kh7 Rh2+ 98. Kg8 Rf2 99. g7 Rf3 100. Rb7 Rf4 101. Rb8 Rf3 102. Rf8 1-0


[Site "https://www.chess.com"]

[Event "Titled Tuesday Blitz December 27 Early 2022"]
[White "Slaby, Jerzy"]
[Black "Mayaud, Raphael"]
[WhiteFideId "1121405"]
[BlackFideId "627151"]
[WhiteElo "2469"]
[BlackElo "2201"]
[Result "1-0"]
[Round "09"]
[TimeControl "180+2"]
[Date "2022.12.27"]
[WhiteClock "0:01:05"]
[BlackClock "0:00:50"]

1. e4 c5 2. c3 e6 3. d4 d5 4. exd5 Qxd5 5. Nf3 Nf6 6. Be3 cxd4 7. cxd4 Bb4+ 8. Nc3 Nc6 9. Bd3 O-O 10. O-O Bxc3 11. bxc3 b6 12. c4 Qd7 13. d5 exd5 14. cxd5 Na5 15. Ng5 Bb7 16. Bd4 Qxd5 17. Nf3 Qh5 18. Bxf6 Bxf3 19. Qxf3 Qxf3 20. gxf3 gxf6 21. Kh1 Kh8 22. Rg1 Rg8 23. Be4 Rxg1+ 24. Rxg1 Rg8 25. Rc1 Rd8 26. Rc7 Rd1+ 27. Kg2 Rd2 28. Rxf7 Rxa2 29. Rxh7+ Kg8 30. Rxa7 Rb2 31. Kg3 Kf8 32. h4 Nc4 33. h5 Rb1 34. Bxb1 1-0


[Site "https://www.chess.com"]